 Dungeon Crawl Stone Soup version 0.29.1-15-g9cfb28693d (webtiles) character file.

Game seed: 11881065819481652195

37 cdecastro the Poker (level 3, 0/29 HPs)
             Began as a Demonspawn Fighter on Apr 10, 2023.
             Splashed by a jelly's acid (1 damage)
             ... on level 2 of the Dungeon.
             The game lasted 00:01:08 (1142 turns).

cdecastro the Poker (Demonspawn Fighter)            Turns: 1142, Time: 00:01:08

Health: 0/29       AC: -1    Str: 18    XL:     3   Next: 23%
Magic:  3/3        EV:  9    Int: 11    God:
Gold:   54         SH:  0    Dex: 12    Spells: 2/2 levels left

rFire   . . .      SeeInvis .   a - +0 trident
rCold   . . .      Faith    .   (no shield)
rNeg    . . .      Spirit   .   b - +0 scale mail
rPois   .          Reflect  .   (no helmet)
rElec   .          Harm     .   (no cloak)
rCorr   +          Rampage  .   (no gloves)
Will    .....                   (no boots)
Stlth   ..........              (no amulet)
HPRegen 0.09/turn               e - ring of resist corrosion
MPRegen 0.08/turn               (no ring)

@: corroded
A: big brain 1
a: no special abilities


You were on level 2 of the Dungeon.
You visited 1 branch of the dungeon, and saw 2 of its levels.

You collected 54 gold pieces.

Inventory:

Hand Weapons
 a - a +0 trident (weapon)
Armour
 b - a +0 scale mail (worn)
 c - a +0 buckler
Jewellery
 e - a ring of resist corrosion (left hand)
Scrolls
 f - a scroll of brand weapon {unknown}
 g - 2 scrolls of poison {unknown}
 h - a scroll of fear {unknown}
 i - 2 scrolls of identify {unknown}
 j - a scroll of teleportation {unknown}
 m - a scroll of vulnerability {unknown}
Potions
 d - a potion of might
 k - a potion of lignification {unknown}
 l - a potion of flight {unknown}


   Skills:
 - Level 3.0 Fighting
 + Level 3.4 Polearms
 - Level 2.6 Armour
 - Level 2.6 Shields


You had 2 spell levels left.
You didn't know any spells.
Your spell library was empty.

Dungeon Overview and Level Annotations

Branches:
Dungeon (2/15)

Altars:


Innate Abilities, Weirdness & Mutations

You have an unusually large brain. (Int +2)


Message History

Increase (S)trength, (I)ntelligence, or (D)exterity?
You feel stronger. x2
You closely miss the ball python. The ball python bites you.
The ball python constricts you.
You hit the ball python but do no damage.
The ball python bites you but does no damage.
The ball python constricts you.
You barely miss the ball python. The ball python bites you.
The ball python constricts you.
The ball python bites you but does no damage.
The ball python constricts you.
You hit the ball python.
You kill the ball python!
The jelly closely misses you.
You hit the jelly.
Your hands burn!
The jelly is moderately wounded.
The jelly hits you. The acid corrodes you!
You are splashed with acid.
You resist.
You hit the jelly but do no damage.
Your hands burn!
The jelly is moderately wounded.
The jelly hits you but does no damage.
You completely miss the jelly.
The jelly is moderately wounded.
The jelly hits you.
* * * LOW HITPOINT WARNING * * *
You are splashed with acid.
You resist.
* * * LOW HITPOINT WARNING * * *
You hit the jelly.
Your hands burn!
* * * LOW HITPOINT WARNING * * *
The jelly is heavily wounded.
The jelly barely misses you.
You hit the jelly.
Your hands burn!
* * * LOW HITPOINT WARNING * * *
The jelly is heavily wounded.
The jelly hits you.
* * * LOW HITPOINT WARNING * * *
The acid corrodes you!
You are splashed with acid.
You resist.
* * * LOW HITPOINT WARNING * * *
You hit the jelly but do no damage.
Your hands burn!
You die...

..... ... ... ...
#.#
##.####.#######
.............>#
#J#
#+#.####@######.
##.##............
##...####...####..
##.....##..#.#
+...⌠...'.##.#
###...##### .#
#.†.# .# #...# .#
#.<.# .#


You could see a jelly.

Vanquished Creatures
  An adder (D:2)
  2 dart slugs (D:1)
  An endoplasm (D:1)
  2 giant cockroaches (D:1)
  2 goblins (D:1)
  3 hobgoblins
  4 jackals (D:1)
  A quokka (D:1)
  2 ball pythons (D:2)
  2 bats (D:1)
  A frilled lizard (D:1)
  2 rats (D:1)
23 creatures vanquished.

Notes
Turn   | Place    | Note
-------+----------+-------------------------------------------
     0 | D:1      | cdecastro the Demonspawn Fighter began the quest for the
                  | Orb.
     0 | D:1      | Reached XP level 1. HP: 18/18 MP: 1/1
   320 | D:1      | Gained mutation: You have an unusually large brain. (Int
                  | +2) [demonic ancestry]
   320 | D:1      | Reached XP level 2. HP: 24/24 MP: 2/2
   559 | D:1      | Found a faded altar of an unknown god.
  1133 | D:2      | Reached XP level 3. HP: 25/29 MP: 3/3
  1141 | D:2      | HP: 1/29 [acid (3)]
  1142 | D:2      | Splashed by a jelly's acid

Illustrated notes

Levels and vault maps discovered:
D:1:      wander_arrival_fairy_ring, layout_basic,
          shapermc_ecumenical_altar_venn
D:2:      layout_rooms, grunt_ministairs_14, lexackson_kobold_supper

Skill      XL: |  1  2 |
---------------+-------+-----
Polearms       | 2 3 |  3.4
Fighting       | |  3.0
Armour         | |  2.6
Shields        | |  2.6

Action                   || total
-------------------------++-------
Melee: Trident           ||    82
Armor: Scale mail        ||    37
Dodge: Dodged            ||    32
